 Dungeon Crawl Stone Soup version 0.21.1-1-g345015f (webtiles) character file.

51 mike2R the Conjurer (level 3, 0/19 HPs)
             Began as a Deep Elf Conjurer on June 10, 2018.
             Succumbed to an adder's poison
             ... on level 2 of the Dungeon.
             The game lasted 00:06:38 (1423 turns).

mike2R the Conjurer (Deep Elf Conjurer)             Turns: 1423, Time: 00:06:38

Health: 0/19       AC:  3    Str:  5    XL:     3   Next: 58%
Magic:  5/10       EV: 13    Int: 20    God:
Gold:   83         SH:  0    Dex: 15    Spells: 3/9 levels left

rFire    . . .     SeeInvis .   k - +0 dagger (holy)
rCold    . . .     Gourm    .   (no shield)
rNeg     . . .     Faith    .   a - +0 robe
rPois    .         Spirit   .   (no helmet)
rElec    .         Reflect  .   d - +0 cloak
rCorr    .         Harm     .   (no gloves)
MR       .....                  (no boots)
Stlth    ++........             (no amulet)
HPRegen  0.06/turn              (no ring)
MPRegen  0.12/turn              (no ring)

@: lethally poisoned (0 -> -4)
A: no striking features
a: no special abilities


You were on level 2 of the Dungeon.
You were not hungry.

You visited 1 branch of the dungeon, and saw 3 of its levels.

You collected 83 gold pieces.

Inventory:

Hand Weapons
 k - a +0 dagger of holy wrath (weapon)
Armour
 a - a +0 robe (worn)
 d - a +0 cloak (worn)
Jewellery
 m - an uncursed amulet of magic regeneration {unknown}
Scrolls
 e - 5 scrolls of remove curse
 f - a scroll of fog {unknown}
 h - a scroll of teleportation {unknown}
 i - a scroll of random uselessness {unknown}
 j - a scroll of fear {unknown}
 l - a scroll of enchant weapon {unknown}
 n - a scroll of magic mapping {unknown}
Books
 b - a book of Conjurations

   Spells                             Type                      Level
   a - Magic Dart                     Conjuration                  1
   b - Searing Ray                    Conjuration                  2
   c - Dazzling Spray                 Conjuration/Hexes            3
   d - Fulminant Prism                Conjuration/Hexes            4
   e - Force Lance                    Conjuration/Translocation    4
   f - Iskenderun's Mystic Blast      Conjuration                  4
Comestibles
 c - 5 rations
 o - 3 chunks of flesh


   Skills:
 - Level 2.5 Dodging
 - Level 2.6 Stealth
 + Level 3.8 Spellcasting
 + Level 5.4 Conjurations


You had 3 spell levels left.
You knew the following spells:

 Your Spells              Type           Power        Failure   Level  Hunger
a - Magic Dart            Conj           ####         1%          1    None
b - Searing Ray           Conj           ####..       2%          2    ##.....
c - Dazzling Spray        Conj/Hex       ##....       13%         3    ###....


Dungeon Overview and Level Annotations

Branches:
Dungeon (3/15)

Altars:


Message History

You see here an adder corpse.
You butcher the adder corpse.
You see here a chunk of flesh.
o - 3 chunks of flesh (gained 1)
* * * LOW HITPOINT WARNING * * *
You feel sick.
There is a lethal amount of poison in your body!
As you read the scroll labeled BOFOUFI XA XOTAMP, it crumbles to dust.
You feel blessed for a moment.
It was a scroll of remove curse.
* * * LOW HITPOINT WARNING * * *
You feel sick.
* * * LOW HITPOINT WARNING * * *
You feel sick.
* * * LOW HITPOINT WARNING * * *
You feel sick.
* * * LOW HITPOINT WARNING * * *
You feel sick.
Your magical contamination has completely faded away.
A hobgoblin comes into view. It is wielding a club.
You die...

.. g #.# #####. .. #.#
#.... .## #.# #.#.. ...#
#.# #.#.# #..# #.# #.#.#
#..#
########.###.#.#####..####.
#....)......<@.......<.....
#.######.###.#.####..#####
#.# #.# #.#.# #..# #.#
#.###.#.####..# #.#
#..........)..# #.#
#####.#.####.## #.# #.#.#
#.# #.# #.... #........#
#.# ...#............


You could see a hobgoblin (sleeping).

Vanquished Creatures
  3 adders (D:2)
  A worm (D:2)
  A dart slug (D:2)
  A leopard gecko (D:1)
  2 giant cockroaches (D:1)
  2 goblins (D:2)
  2 hobgoblins
  2 kobolds
  2 bats
  A frilled lizard (D:1)
  3 rats (D:1)
20 creatures vanquished.

Notes
Turn   | Place    | Note
-------+----------+-------------------------------------------
     0 | D:1      | mike2R the Deep Elf Conjurer began the quest for the Orb.
     0 | D:1      | Reached XP level 1. HP: 10/10 MP: 6/6
   606 | D:1      | Reached XP level 2. HP: 15/15 MP: 8/8
   910 | D:2      | Reached skill level 5 in Conjurations
  1194 | D:2      | Reached XP level 3. HP: 10/19 MP: 0/9
  1198 | D:2      | Learned a level 2 spell: Searing Ray
  1202 | D:2      | Learned a level 3 spell: Dazzling Spray
  1423 | D:2      | Succumbed to an adder's poison

Skill      XL: |  1  2 |
---------------+-------+-----
Conjurations   | 5 |  5.4
Dodging        | |  2.5
Stealth        | |  2.6
Spellcasting   | |  3.8

Action                   || total
-------------------------++-------
Melee: Dagger            ||     7
 Cast: Magic Dart        ||    41
       Searing Ray       ||     1
  Use: Scroll            ||     1
 Stab: Sleeping          ||     2
  Eat: Chunk             ||     1
Dodge: Dodged            ||    11
